 Dungeon Crawl Stone Soup version 0.30-a0-355-g4c39ff33d3 (webtiles) character file.

Game seed: 1058424535617287591

526 Engwar the Digger (level 7, -8/36 HPs)
             Began as a Gargoyle Earth Elementalist on Nov 8, 2022.
             Mangled by an ogre
             ... wielding a +0 giant spiked club
              (20 damage)
             ... on level 5 of the Dungeon.
             The game lasted 00:13:23 (3775 turns).

Engwar the Digger (Gargoyle Earth Elementalist)     Turns: 3775, Time: 00:13:23

Health: -8/36      AC: 12    Str: 12    XL:     7   Next: 23%
Magic:  0/12       EV: 11    Int: 17    God:
Gold:   165        SH:  0    Dex: 10    Spells: 3/13 levels left

rFire   + . .      SeeInvis .    g - +2 dagger (venom)
rCold   . . .      Faith    .    (no shield)
rNeg    + . .      Spirit   .    a - +0 robe
rPois   ∞          Reflect  .    n - +0 helmet
rElec   +          Harm     .    (no cloak)
rCorr   .          Rampage  .    (no gloves)
Will    .....                    e - +0 pair of boots
Stlth   +++.......               (no amulet)
HPRegen 0.26/turn                c - +4 ring of protection
MPRegen 0.13/turn                q - ring of protection from fire

@: very slightly contaminated
A: sickness immunity, AC +4, negative energy resistance 1, electricity
resistance, torment resistance 1, petrification resistance
a: no special abilities


You were on level 5 of the Dungeon.
You visited 1 branch of the dungeon, and saw 5 of its levels.

You collected 165 gold pieces.

Inventory:

Hand Weapons
 g - a +2 dagger of venom (weapon)
 k - a +0 dagger of flaming
Armour
 a - a +0 robe (worn)
 e - a +0 pair of boots (worn)
 n - a +0 helmet (worn)
Jewellery
 c - a +4 ring of protection (left hand)
 o - a ring of protection from cold
 q - a ring of protection from fire (right hand)
Scrolls
 f - 2 scrolls of vulnerability
 j - 3 scrolls of teleportation
 u - a scroll of torment
Potions
 b - a potion of magic
 d - 4 potions of curing
 i - a potion of berserk rage
 l - 3 potions of heal wounds
 m - a potion of brilliance
 p - 2 potions of attraction
 r - 3 potions of invisibility
 v - a potion of flight


   Skills:
 - Level 1.5 Dodging
 + Level 4.8 Stealth
 + Level 3.8 Spellcasting
 + Level 2.9 Conjurations
 - Level 2.0 Transmutations
 + Level 5.7 Earth Magic


You had 3 spell levels left.
You knew the following spells:

 Your Spells              Type           Power      Damage    Failure   Level
a - Sandblast             Erth           44%        2d11      1%          1
b - Passwall              Tmut/Erth      13%        N/A       4%          2
c - Stone Arrow           Conj/Erth      36%        3d9       9%          3
d - Petrify               Tmut/Erth      16%        N/A       32%         4

Your spell library contained the following spells:

 Spells                   Type           Power      Damage    Failure   Level


Dungeon Overview and Level Annotations

Branches:
Dungeon (5/15)
 Temple: D:4-7

Altars:
Hepliaklqana

Annotations:
D:5 Sigmund


Innate Abilities, Weirdness & Mutations

You are immune to sickness and miasma.
Your stone body is resilient. (AC +4)
You are immune to poison.
You resist negative energy. (rN+)
You are resistant to electric shocks. (rElec)
You are resistant to unholy torment.
You are immune to petrification.


Message History

An ogre is nearby!
An ogre is nearby!
An ogre is nearby!
The ogre shouts!
The ogre hits you with a +0 giant spiked club!!
Ouch! That really hurt!
* * * LOW HITPOINT WARNING * * *
Casting: Sandblast (safe; 1% risk of failure)
Confirm with . or Enter, or press ? or * to list all spells.
Aiming: Petrify (extremely dangerous; 32% risk of failure)
Press: ? - help, Shift-Dir - straight line, f - ogre
Aim: an ogre, wielding a +0 giant spiked club (chance to affect: 50%)
You miscast Petrify.
You are very lightly contaminated with residual magic.
Nothing appears to happen.
Casting: Petrify (extremely dangerous; 32% risk of failure)
Confirm with . or Enter, or press ? or * to list all spells.
Aiming: Petrify (extremely dangerous; 32% risk of failure)
Press: ? - help, Shift-Dir - straight line, f/p - ogre
Aim: an ogre, wielding a +0 giant spiked club (chance to affect: 50%)
You miscast Petrify.
You are caught in an explosion of flying shrapnel.
The ogre misses you.
Casting: Petrify (extremely dangerous; 32% risk of failure)
Confirm with . or Enter, or press ? or * to list all spells.
Aiming: Petrify (extremely dangerous; 32% risk of failure)
Press: ? - help, Shift-Dir - straight line, f/p - ogre
Aim: an ogre, wielding a +0 giant spiked club (chance to affect: 50%)
The ogre is moving more slowly.
The ogre closely misses you.
You strike the helpless ogre from behind!
You puncture the ogre!
The ogre is poisoned.
The ogre is lightly wounded.
You hit the ogre.
The ogre looks as sick as possible!
The ogre is moderately wounded.
The ogre hits you but does no damage.
You hit the ogre.
The ogre is moderately wounded.
The ogre hits you with a +0 giant spiked club!!
Ouch! That really hurt!
You die...

......##...†.##.#
.............##.##
.....).#.....##..#
.......###..####.### #
.......###.........##.#
........##.#####.#....#
....##.....# #.#.##.#
######.##### #...# ..
#.# #@.## #.# #...O.#
#.# #.##.## ..# # #.#
... #.. .. ###


You could see an ogre (petrifying, extremely poisoned).

Vanquished Creatures
  A centaur (D:4)
  A scorpion (D:4)
  A necrophage (D:4)
  A gnoll bouda (D:4)
  A hound (D:5)
  An iguana (D:4)
  3 orc wizards (D:3)
  6 gnolls
  3 adders
  2 worms
  A dart slug (D:1)
  2 orcs (D:3)
  4 bats
  7 endoplasms
  2 giant cockroaches
  5 goblins
  9 hobgoblins
  6 kobolds
  2 quokkas
  11 ball pythons
  2 frilled lizards (D:1)
  7 rats
  A spectral kobold (D:4)
79 creatures vanquished.

Notes
Turn   | Place    | Note
-------+----------+-------------------------------------------
     0 | D:1      | Engwar the Gargoyle Earth Elementalist began the quest for
                  | the Orb.
     0 | D:1      | Reached XP level 1. HP: 10/10 MP: 3/3
   304 | D:1      | Reached skill level 1 in Transmutations
   337 | D:1      | Reached XP level 2. HP: 15/15 MP: 3/5
   340 | D:1      | Learned a level 2 spell: Passwall
   829 | D:1      | Reached skill level 4 in Earth Magic
   872 | D:1      | Reached XP level 3. HP: 19/19 MP: 2/6
   876 | D:1      | Learned a level 3 spell: Stone Arrow
  1144 | D:2      | Identified the +6 war axe of Jedisi {elec, Fragile rC++
                  | Str+6}
  1432 | D:2      | You fall into a shaft and drop 2 floors!
  1454 | D:4      | Noticed a necrophage
  1648 | D:4      | Reached XP level 4. HP: 24/24 MP: 5/7
  2402 | D:3      | Reached skill level 1 in Conjurations
  2402 | D:3      | Reached XP level 5. HP: 19/28 MP: 7/9
  2417 | D:3      | Learned a level 4 spell: Petrify
  2778 | D:4      | Identified the +0 scale mail "Hoepotid" {Slay+3}
  2873 | D:4      | Reached skill level 5 in Earth Magic
  3031 | D:4      | Reached XP level 6. HP: 32/32 MP: 5/11
  3528 | D:4      | Found a hazy altar of Hepliaklqana.
  3626 | D:5      | Entered Level 5 of the Dungeon
  3626 | D:5      | Noticed Sigmund
  3634 | D:4      | Reached XP level 7. HP: 34/36 MP: 9/12
  3775 | D:5      | Mangled by an ogre

Illustrated notes

Levels and vault maps discovered:
D:1:      tarquinn_simple_flora_water_a, layout_loops_ring
D:2:      layout_rooms
D:3:      layout_rooms
D:4:      layout_gridville, nicolae_hepliaklqana_monster_ancestors
D:5:      layout_rooms, uniq_grinder, uniq_sigmund

Skill      XL: |  1  2  3  4  5 |
---------------+----------------+-----
Transmutations | 1 2 |  2.0
Earth Magic    | 4 5 |  5.7
Stealth        | 3 4 |  4.8
Conjurations   | 1 2 |  2.9
Spellcasting   | 3 |  3.8
Dodging        | |  1.5

Action                   |  1- 3 |  4- 6 |  7- 9 || total
-------------------------+-------+-------+-------++-------
Melee: Dagger            |    15 |    47 |     5 ||    67
       Whip              |       |    11 |       ||    11
 Cast: Sandblast         |    49 |    67 |     1 ||   117
       Petrify           |       |       |     1 ||     1
  Use: Scroll            |       |    11 |     6 ||    17
 Stab: Petrifying        |       |       |     1 ||     1
       Sleeping          |       |       |     1 ||     1
Armor: Robe              |    13 |    58 |     2 ||    73
Dodge: Dodged            |    21 |    44 |     4 ||    69

Table legend: (Time is in decaauts)
 A = Elapsed time spent in this place.
 B = Non-inter-level travel time spent in this place.
 C = Inter-level travel time spent in this place.
 D = Time resting spent in this place.
 E = Time spent auto-exploring this place.
 F = Levels seen in this place.
 G = Mean time per level.
                   A        B        C        D        E       F      G
               +--------+--------+--------+--------+--------+-----+--------+
         Total |   3832 |   3691 |    141 |    174 |   2757 |   5 |  766.4 |
       Dungeon |   3832 |   3691 |    141 |    174 |   2757 |   5 |  766.4 |
               +--------+--------+--------+--------+--------+-----+--------+

Top non-repeatable levels by time:
     D:4: 1192 daAuts
     D:1: 1118 daAuts
     D:3: 906 daAuts
     D:2: 520 daAuts
     D:5: 95 daAuts
